 Dungeon Crawl Stone Soup version 0.30-a0-972-gf3ab3527aa (webtiles) character file.

Game seed: 12382955767678618907

331 Jackthecabe the Ruffian (level 6, 0/55 HPs)
             Began as a Troll Warper on Apr 1, 2023.
             Slain by an orc
             ... wielding a +0 morningstar
              (7 damage)
             ... on level 3 of the Dungeon.
             The game lasted 00:04:16 (2461 turns).

Jackthecabe the Ruffian (Troll Warper)              Turns: 2461, Time: 00:04:17

Health: 0/55       AC:  4    Str: 22    XL:     6   Next: 26%
Magic:  6/6        EV:  9    Int: 15    God:
Gold:   153        SH:  0    Dex:  9    Spells: 7/7 levels left

rFire   . . .      SeeInvis .      - Unarmed
rCold   . . .      Faith    .    (no shield)
rNeg    . . .      Spirit   .    a - +0 robe
rPois   .          Reflect  .    (helmet restricted)
rElec   .          Rampage  .    (no cloak)
rCorr   .                        (gloves unavailable)
Will    .....                    (boots unavailable)
Stlth   +                        (no amulet)
HPRegen 1.09/turn                I - +6 ring of intelligence
MPRegen 0.10/turn                (no ring)

@: lethally poisoned (0 -> -1), slowed, very slow
A: large, unfitting armour, claws 3, regeneration 1, shaggy fur 1, tough skin 1
a: no special abilities


You were on level 3 of the Dungeon.
You visited 1 branch of the dungeon, and saw 3 of its levels.

You collected 153 gold pieces.


Innate Abilities, Weirdness & Mutations

You are too large for most types of armour.
You have claws for hands.
Your natural rate of healing is unusually fast.
You are covered in fur. (AC +1)
You have tough skin. (AC +1)


   Skills:
 - Level 1.5 Fighting
 - Level 0.8 Throwing
 - Level 1.9 Dodging
 + Level 6.7 Unarmed Combat
 - Level 1.2 Spellcasting
 - Level 2.1 Translocations


You had 7 spell levels left.
You didn't know any spells.
Your spell library contained the following spells:

 Spells                   Type           Power      Damage    Failure   Level
 Blink                    Tloc           14%        N/A       14%         2
 Lesser Beckoning         Tloc           14%        N/A       14%         2
 Teleport Other           Tloc           7%         N/A       28%         3
 Portal Projectile        Hex/Tloc       8%         N/A       43%         3
 Vhi's Electric Charge    Tloc/Air       8%         N/A       43%         3
 Kindle Blastsparks       Fire/Tloc/Air  6%         2d10      47%         3
 Call Canine Familiar     Summ           0%         N/A       58%         3
 Dazzling Flash           Conj/Hex       0%         N/A       58%         3
 Ignite Poison            Fire/Tmut/Pois 0%         N/A       58%         3
 Ozocubu's Armour         Ice            0%         N/A       58%         3
 Manifold Assault         Tloc           7%         N/A       67%         4
 Leda's Liquefaction      Hex/Erth       0%         N/A       94%         4
 Agony                    Necr           0%         N/A       100%        5
 Freezing Cloud           Conj/Ice/Air   0%         6-21      100%        5
 Silence                  Hex/Air        0%         N/A       100%        5
 Ozocubu's Refrigeration  Ice            0%         4d7       100%        7

Inventory:

Missiles
 c - 7 boomerangs of dispersal (quivered) {=f}
 s - a throwing net {=f}
Armour
 a - a +0 robe (worn)
Jewellery
 I - a +6 ring of intelligence (left claw)
Scrolls
 b - 3 scrolls of blinking
 d - 3 scrolls of identify {unknown}
 g - a scroll of amnesia {unknown}
 i - a scroll of fog {unknown}
 j - a scroll of fear {unknown}
 l - a scroll of summoning {unknown}
 n - a scroll of teleportation {unknown}
 o - a scroll of enchant armour {unknown}
 q - a scroll of vulnerability {unknown}
 r - a scroll of silence {unknown}
Potions
 e - 2 potions of might {unknown}
 f - a potion of ambrosia {unknown}
 h - a potion of attraction {unknown}
 k - a potion of mutation {unknown}
 m - 2 potions of curing {unknown}
 p - 2 potions of heal wounds {unknown}

Dungeon Overview and Level Annotations

Branches:
Dungeon (3/15)

Altars:
Hepliaklqana

Annotations:
D:2 1 runed translucent door, Crazy Yiuf, Sigmund

≈▒▒▒▒▒≈~~~~~~≈~~~~....~~≈~≈~~~~~~
≈≈≈≈≈≈≈≈≈≈≈≈≈≈≈≈≈≈....≈≈≈~≈≈≈≈≈≈≈
~~≈≈≈≈≈~~~≈~≈~~~~~..))~~~~~≈~~~~~
............)........)...........
######.........................##
###.#............>.......##
#........g#.............##
#........o....#)#.#####...
#........@.##..)#.###..†##
#[.........#▒▒▒▒▒......†##
#...........▒...▒.###....#
#..........#▒.⚑.▒ ####.#
#..<......##▒...▒ ####.#
#.......▒▒▒▒▒...▒▒▒▒▒..#..
#.......▒...........▒...##
#....)..▒.⚑..§▒§..8.▒.....
#.......▒...§§§§§...▒...##


You could see a gnoll and an orc (fast).


Message History

You feel very sick.
The orc throws a curare-tipped dart.
The curare-tipped dart hits you.
You are more poisoned.
You have difficulty breathing.
You feel as though you will be slow longer.
You feel very sick.
The orc throws a curare-tipped dart.
The curare-tipped dart barely misses you.
You feel very sick. The orc hits you with a +0 morningstar.
* * * LOW HITPOINT WARNING * * *
The orc barely misses you.
You scratch the orc.
The orc is almost dead.
You feel very sick. The orc barely misses you. The orc closely misses you.
The gnoll hits you from afar with a +0 spear!
* * * LOW HITPOINT WARNING * * *
You closely miss the orc.
The orc is almost dead.
You feel sick. The orc hits you but does no damage.
The gnoll hits you but does no damage. The orc closely misses you.
You scratch the orc. Your claw misses the orc.
The orc is almost dead.
You feel sick. The orc hits you with a +0 morningstar.
* * * LOW HITPOINT WARNING * * *
The gnoll hits you from afar with a +0 spear.
* * * LOW HITPOINT WARNING * * *
The orc hits you with a +0 morningstar!
You die...

Skill      XL: |  1  2  3  4  5 |
---------------+----------------+-----
Unarmed Combat | 4 5 6 |  6.7
Fighting       | |  1.5
Throwing       | |  0.8
Dodging        | |  1.9
Spellcasting   | |  1.2
Translocations | |  2.1

Action                     |  1- 3 |  4- 6 || total
---------------------------+-------+-------++-------
  Melee: Unarmed           |    78 |   123 ||   201
         Punch             |     1 |     2 ||     3
   Stab: Sleeping          |     1 |       ||     1
 Armour: Robe              |    28 |    68 ||    96
  Dodge: Dodged            |    42 |    99 ||   141

Levels and vault maps discovered:
D:1:      dpeg_arrival_simpleton_b, layout_basic, minmay_pentomino_q2
D:2:      layout_loops_ring, uniq_sigmund, uniq_crazy_yiuf_cottage, uniq_terence
D:3:      lemuel_castle_with_subvaults [lemuel_castle_interior_carwin_1],
          layout_rooms, beargit_hepliaklqana_dungeon_heroes, minivault_23

Notes
Turn   | Place    | Note
-------+----------+-------------------------------------------
     0 | D:1      | Jackthecabe the Troll Warper began the quest for the Orb.
     0 | D:1      | Reached XP level 1. HP: 19/19 MP: 1/1
   377 | D:1      | Reached XP level 2. HP: 27/27 MP: 2/2
   670 | D:2      | Reached skill level 3 in Unarmed Combat
   892 | D:2      | Identified the +7 hand axe "Oddiwagy" {antimagic, rElec rF-
                  | rC+++ Str-2}
   952 | D:2      | Noticed Terence
   963 | D:2      | Killed Terence
   964 | D:2      | Reached skill level 4 in Unarmed Combat
   964 | D:2      | Reached XP level 3. HP: 19/33 MP: 3/3
  1048 | D:2      | Noticed Sigmund
  1536 | D:2      | Found a runed translucent door.
  1537 | D:2      | Noticed Crazy Yiuf
  1797 | D:3      | Reached XP level 4. HP: 31/41 MP: 4/4
  1909 | D:3      | Found a hazy altar of Hepliaklqana.
  1910 | D:3      | Found a faded altar of an unknown god.
  2004 | D:3      | Reached skill level 5 in Unarmed Combat
  2113 | D:3      | Reached XP level 5. HP: 38/48 MP: 5/5
  2262 | D:3      | Reached skill level 6 in Unarmed Combat
  2399 | D:3      | Reached XP level 6. HP: 47/55 MP: 6/6
  2461 | D:3      | Slain by an orc

Vanquished Creatures
  2 howler monkeys (D:3)
  An orc wizard (D:3)
  Terence (D:2)
  8 gnolls (D:3)
  6 adders (D:3)
  3 orcs (D:3)
  10 ball pythons
  2 bats (D:1)
  5 endoplasms
  2 giant cockroaches
  6 goblins
  2 hobgoblins
  19 jackals (D:3)
  3 kobolds (D:2)
  A quokka (D:2)
  4 frilled lizards
  A rat (D:3)
76 creatures vanquished.

Vanquished Creatures (others)
  2 plants (D:3)
2 creatures vanquished.

Grand Total: 78 creatures vanquished

Table legend: (Time is in decaauts)
 A = Elapsed time spent in this place.
 B = Non-inter-level travel time spent in this place.
 C = Inter-level travel time spent in this place.
 D = Time resting spent in this place.
 E = Time spent auto-exploring this place.
 F = Levels seen in this place.
 G = Mean time per level.
                   A        B        C        D        E       F      G
               +--------+--------+--------+--------+--------+-----+--------+
         Total |   2446 |   2390 |     56 |      2 |   1845 |   3 |  815.3 |
       Dungeon |   2446 |   2390 |     56 |      2 |   1845 |   3 |  815.3 |
               +--------+--------+--------+--------+--------+-----+--------+

Top non-repeatable levels by time:
     D:2: 1087 daAuts
     D:3: 694 daAuts
     D:1: 664 daAuts

Table legend:
 A = Non-vault XP
 B = Vault XP
 C = Vault XP percentage of total XP
 D = Non-vault monster count
 E = Vault monster count
 F = Vault count percentage of total count
                 A         B        C        D         E       F
            +---------+---------+-------+---------+---------+-------
      Total |     148 |     326 |  68.8 |      47 |      29 |  38.2
            +---------+---------+-------+---------+---------+-------
        D:1 |      14 |       3 |  17.6 |       8 |       2 |  20.0
        D:2 |      25 |      32 |  56.1 |      15 |       1 |   6.2
        D:3 |     109 |     291 |  72.8 |      24 |      26 |  52.0
            +---------+---------+-------+---------+---------+-------
